 Dungeon Crawl Stone Soup version 0.30-a0-187-gd9c2deaf24 (webtiles) character file.

Game seed: 13543569684654863523

15344 Monkooky the Carver (level 12, -5/58 HPs)
             Began as a Vine Stalker Artificer on Sept 28, 2022.
             Was an Elder of Qazlal.
             Slain by an orc knight
             ... wielding a +0 long sword
              (11 damage)
             ... on level 2 of the Orcish Mines on Oct 3, 2022.
             The game lasted 00:27:34 (11236 turns).

Monkooky the Carver (Vine Stalker Artificer)       Turns: 11236, Time: 00:27:35

Health: -5/58      AC: 16    Str: 16    XL:     12   Next: 26%
Magic:  0/20       EV: 12    Int: 11    God:    Qazlal [****..]
Gold:   245        SH:  5    Dex: 25    Spells: 19/19 levels left

rFire   + . .      SeeInvis +    N - +4 great sword (spect)
rCold   . . .      Faith    .    (shield currently unavailable)
rNeg    . . .      Spirit   +    t - +4 scale mail {rF+}
rPois   .          Reflect  .    I - +0 helmet
rElec   .          Harm     .    s - +2 cloak
rCorr   .          Rampage  .    (no gloves)
Will    +....                    B - +0 pair of boots
Stlth   +.........               Z - amulet of regeneration
HPRegen 1.89/turn                j - +6 ring of dexterity
MPRegen 0.17/turn                D - ring of see invisible

@: repel missiles
A: fangs 3, regeneration 1, magic shield, antimagic bite, no potion heal 2
a: Renounce Religion, Upheaval, Elemental Force


You were on level 2 of the Orcish Mines.
You worshipped Qazlal.
Qazlal was greatly pleased with you.
You visited 2 branches of the dungeon, and saw 15 of its levels.
You also visited: Sewer.

You collected 617 gold pieces.
You spent 372 gold pieces at shops.

Inventory:

Hand Weapons
 a - a +0 club
 f - a +0 dagger
 o - a +0 long sword
 r - a +2 quarterstaff of chaos
 G - a +1 falchion of protection
 L - a +0 scimitar
 N - a +4 spectral great sword (weapon)
Missiles
 K - 5 javelins
Armour
 b - a +0 leather armour
 h - a +0 ring mail
 s - a +2 cloak (worn)
 t - a +4 scale mail of fire resistance (worn)
 B - a +0 pair of boots (worn)
 I - a +0 helmet (worn)
Jewellery
 j - a +6 ring of dexterity (left hand)
 D - a ring of see invisible (right hand)
 Z - an amulet of regeneration (around neck)
Wands
 c - a wand of flame (6) (quivered)
 d - a wand of charming (15)
 e - a wand of iceblast (9)
 A - a wand of polymorph (20)
 C - a wand of quicksilver (12)
 J - a wand of digging (6)
Scrolls
 i - 3 scrolls of immolation
 l - a scroll of enchant armour
 n - 6 scrolls of fear {unknown}
 u - 6 scrolls of teleportation {unknown}
 v - 4 scrolls of enchant weapon {unknown}
 x - 2 scrolls of magic mapping
 y - 2 scrolls of silence
 z - 6 scrolls of fog {unknown}
 H - a scroll of amnesia
 O - 2 scrolls of vulnerability
 P - a scroll of summoning
 R - a scroll of brand weapon
 U - a scroll of acquirement {unknown}
 V - a scroll of torment {unknown}
 Y - a scroll of poison {unknown}
Potions
 g - a potion of degeneration
 k - 4 potions of might
 m - 3 potions of curing
 p - 6 potions of attraction
 q - a potion of brilliance
 w - a potion of invisibility
 E - 6 potions of mutation {unknown}
 F - a potion of berserk rage {unknown}
 M - 3 potions of cancellation {unknown}
 Q - 3 potions of heal wounds {unknown}
 S - a potion of flight {unknown}
 W - a potion of resistance {unknown}
 X - 2 potions of lignification {unknown}
Miscellaneous
 T - a tin of tremorstones (inert)


   Skills:
 - Level 4.0 Fighting
 - Level 13.2 Long Blades
 - Level 4.0 Armour
 - Level 4.3 Dodging
 - Level 1.3 Stealth
 - Level 4.4 Spellcasting
 + Level 9.3 Invocations
 - Level 2.7 Evocations


You had 19 spell levels left.
You didn't know any spells.
Your spell library contained the following spells:

 Spells                   Type           Power      Damage    Failure   Level
 Foxfire                  Conj/Fire      8%         2x1d4     61%         1
 Slow                     Hex            8%         N/A       61%         1
 Cigotuvi's Dreadful Rot  Necr/Pois/Air  4%         N/A       75%         2
 Ensorcelled Hibernation  Hex/Ice        4%         N/A       75%         2
 Confusing Touch          Hex            2%         N/A       93%         3
 Dazzling Flash           Conj/Hex       4%         N/A       93%         3
 Inner Flame              Hex/Fire       2%         N/A       93%         3
 Spider Form              Tmut/Pois      2%         N/A       93%         3
 Vampiric Draining        Necr           2%         2d6       93%         3
 Anguish                  Hex/Necr       1%         N/A       100%        4
 Animate Armour           Summ/Erth      4%         N/A       100%        4
 Dispel Undead            Necr           2%         3d7       100%        4
 Flame Wave               Conj/Fire      2%         2d4       100%        4
 Iskenderun's Mystic Bla  Conj/Tloc      2%         2d3       100%        4
 Olgreb's Toxic Radiance  Pois           2%         N/A       100%        4
 Sticky Flame             Conj/Fire      2%         2d3       100%        4
 Blade Hands              Tmut           1%         N/A       100%        5
 Death Channel            Necr           1%         N/A       100%        6
 Iron Shot                Conj/Erth      1%         9d1       100%        6
 Starburst                Conj/Fire      1%         6d3       100%        6
 Ozocubu's Refrigeration  Ice            1%         4d7       100%        7
 Ignition                 Fire           1%         3d3       100%        8


Dungeon Overview and Level Annotations

Branches:
Dungeon (13/15)            Temple (0/1) D:6            Lair (0/5) D:8
    Orc (2/2) D:10          Sewer (visited)
    Elf: Orc:2       Vaults: D:13-14

Altars:
Ashenzari
Elyvilon
Fedhas
Qazlal
Ru
Sif Muna
Uskayaw
Wu Jian
Zin

Shops:
D:5 [   D:9 *

Annotations:
D:8 exclusion: downstairs
D:9 2 transporters
D:10 Erica
D:12 3 runed translucent doors, CertainDeath's ghost, journeyman MiMo


Innate Abilities, Weirdness & Mutations

You have razor-sharp teeth.
Your natural rate of healing is unusually fast.
When hurt, damage is shared between your health and your magic reserves.
Your bite disrupts and absorbs the magic of your enemies.
Potions cannot restore your health.


Message History

The orc knight barely misses you.
You hit the orc knight. Your bite misses the orc knight.
The orc knight is almost dead.
The orc warrior no longer looks unusually strong.
The orc knight roars a battlecry!
The orc warrior goes into a battle-frenzy!
You hit the orc knight but do no damage.
You bite the orc knight, but do no damage.
The orc knight is almost dead.
The orc warrior barely misses you.
The orc knight hits you with a +0 long sword!!
You barely miss the orc knight. Your bite misses the orc knight.
The orc knight is almost dead.
The orc warrior hits you from afar with a +0 halberd!
* * * LOW HITPOINT WARNING * * *
You block the orc knight's attack.
Unknown command.
You slash the orc knight!
The orc knight is almost dead.
You block the orc warrior's attack.
The orc knight hits you with a +0 long sword!
* * * LOW HITPOINT WARNING * * *
Unknown command.
Okay, then.
The tremorstone explodes into fragments!
The burst of rock shards engulfs the orc warrior!
The burst of rock shards engulfs the orc warrior.
You hear a shout!
The orc warrior closely misses you. The orc knight completely misses you.
Unknown command.
The tremorstone explodes into fragments!
The burst of rock shards engulfs the troll!
The burst of rock shards engulfs the orc warrior.
The burst of rock shards engulfs the orc knight but does no damage.
The burst of rock shards engulfs you but does no damage.
The tin is emptied!
You hear a shout!
You block the orc warrior's attack.
The orc knight hits you with a +0 long sword!
You die...

#........##
#........##
.#.........#######
.......).....#....
........).........
.....##..[........
.... #Too........
... ##o#.........
.# #@###....$...
#.## ......... #.#
$......... ..#
........... ...
......#..... ....
.......###... #..
.......## .^# #..


You could see an orc knight, a troll and 2 orc warriors.

Vanquished Creatures
  A hydra (D:13)
  A boulder beetle (D:12)
  A two-headed ogre (D:12)
  A death yak (D:8)
  Pikel (D:6)
  2 cyclopes (D:12)
  An orc sorcerer (Orc:2)
  An unseen horror (D:10)
  A komodo dragon (shapeshifter) (D:12)
  2 trolls
  Grinder (D:4)
  A wraith (D:9)
  A shadow (D:11)
  Eustachio (D:6)
  A wyvern (D:8)
  23 yaks
  A spriggan (shapeshifter) (D:5)
  A vampire (D:11)
  A yak (shapeshifter) (D:5)
  3 vampire mosquitoes (D:11)
  Menkaure (D:4)
  Edmund (D:4)
  2 acid dragons
  A water moccasin (D:8)
  Duvessa (D:5)
  2 sky beasts (D:8)
  An ice beast (D:5)
  2 black bears (D:8)
  4 orc warriors
  5 ogres
  5 centaurs
  A phantom (D:4)
  6 kobold brigands
  Blork the orc (D:5)
  A lemure (D:6)
  5 bullfrogs
  A gnoll sergeant (D:9)
  3 necrophages
  5 wights (D:7)
  Dowan (D:5)
  A killer bee (D:8)
  An electric eel (D:12)
  A howler monkey (D:9)
  3 hounds
  Crazy Yiuf (D:2)
  2 gnoll boudas (D:6)
  5 orc priests
  An iguana (D:5)
  11 orc wizards
  23 gnolls
  13 adders
  7 river rats
  A shadow imp (D:7)
  A white imp (D:5)
  3 ufetubi
  6 worms
  2 dart slugs
  31 orcs
  7 ball pythons
  4 bats
  8 endoplasms
  4 giant cockroaches
  6 goblins
  7 hobgoblins
  22 kobolds
  4 quokkas
  A frilled lizard (D:1)
  8 rats
279 creatures vanquished.

Vanquished Creatures (collateral kills)
  A two-headed ogre (D:9)
1 creature vanquished.

Vanquished Creatures (others)
  10 fungi (D:5)
  73 plants
83 creatures vanquished.

Grand Total: 363 creatures vanquished

Notes
Turn   | Place    | Note
-------+----------+-------------------------------------------
     0 | D:1      | Monkooky the Vine Stalker Artificer began the quest for the
                  | Orb.
     0 | D:1      | Reached XP level 1. HP: 9/9 MP: 2/2
    75 | D:1      | Reached skill level 1 in Fighting
   435 | D:1      | Reached XP level 2. HP: 4/14 MP: 1/3
  1346 | D:1      | Reached XP level 3. HP: 17/19 MP: 4/4
  1503 | D:2      | Found a runed translucent door.
  1504 | D:2      | Noticed Crazy Yiuf
  1638 | D:2      | Killed Crazy Yiuf
  1639 | D:2      | Reached skill level 1 in Long Blades
  1934 | D:2      | Reached skill level 2 in Long Blades
  1934 | D:2      | Gained mutation: Your natural rate of healing is unusually
                  | fast. [Vine Stalker growth]
  1934 | D:2      | Reached XP level 4. HP: 13/23 MP: 5/5
  2567 | D:3      | Found a glowing drain.
  2571 | Sewer    | Entered a sewer
  2582 | Sewer    | Reached skill level 1 in Spellcasting
  2655 | Sewer    | Noticed a kobold brigand
  2670 | Sewer    | Killed a kobold brigand
  2671 | Sewer    | Reached XP level 5. HP: 27/27 MP: 7/10
  2844 | Sewer    | Noticed a kobold brigand
  2844 | Sewer    | Noticed a kobold brigand
  2851 | Sewer    | Killed a kobold brigand
  2852 | Sewer    | Reached XP level 6. HP: 31/31 MP: 11/13
  2999 | D:3      | Found a stormy altar of Qazlal.
  3013 | D:3      | Became a worshipper of Qazlal Stormbringer
  3076 | D:3      | Found a faded altar of an unknown god.
  3155 | D:3      | Reached XP level 7. HP: 37/37 MP: 14/14
  3161 | D:3      | Found a sacrificial altar of Ru.
  3199 | D:3      | Found a hide-covered altar of Uskayaw.
  3324 | D:3      | Found an ornate altar of the Wu Jian Council.
  3507 | D:3      | Found a glowing silver altar of Zin.
  3624 | D:4      | Reached skill level 3 in Long Blades
  3723 | D:4      | Noticed Grinder
  3730 | D:4      | Killed Grinder
  3731 | D:4      | Reached skill level 4 in Long Blades
  3782 | D:4      | Reached * piety under Qazlal
  3838 | D:4      | Noticed Edmund
  3855 | D:4      | Killed Edmund
  3856 | D:4      | Reached skill level 5 in Long Blades
  3856 | D:4      | Gained mutation: You have razor-sharp teeth. [Vine Stalker
                  | growth]
  3856 | D:4      | Reached XP level 8. HP: 13/42 MP: 4/15
  3935 | D:4      | Found a broken altar of Ashenzari.
  4048 | D:4      | Noticed Menkaure
  4052 | D:4      | Killed Menkaure
  4053 | D:4      | Reached skill level 6 in Long Blades
  4176 | D:5      | Entered Level 5 of the Dungeon
  4221 | D:5      | Upgraded the game from 0.30-a0-159-g068b764562 to
                  | 0.30-a0-187-gd9c2deaf24
  4310 | D:5      | a gnoll changed into a shapeshifter
  4310 | D:5      | Noticed a shapeshifter (shapeshifter)
  4310 | D:5      | a shapeshifter changed into a yak
  4310 | D:5      | Noticed a yak (shapeshifter)
  4313 | D:5      | Killed a yak
  4360 | D:5      | Found Luxkesykk's Armour Boutique.
  4435 | D:5      | Found a white marble altar of Elyvilon.
  4446 | D:5      | a scorpion changed into a shapeshifter
  4446 | D:5      | Noticed a shapeshifter (shapeshifter)
  4446 | D:5      | a shapeshifter changed into a spriggan
  4446 | D:5      | Noticed a spriggan (shapeshifter)
  4450 | D:5      | Killed a spriggan
  4451 | D:5      | Reached skill level 5 in Invocations
  4452 | D:5      | Reached XP level 9. HP: 31/45 MP: 16/16
  4571 | D:5      | Noticed Dowan
  4578 | D:5      | Noticed Duvessa
  4592 | D:5      | Killed Duvessa
  4592 | D:5      | Reached ** piety under Qazlal
  4593 | D:5      | Killed Dowan
  4963 | D:5      | Noticed Blork the orc
  4970 | D:5      | Killed Blork the orc
  5564 | D:6      | Reached skill level 7 in Long Blades
  5669 | D:6      | Noticed Eustachio
  5698 | D:6      | Killed Eustachio
  5766 | D:6      | Found a staircase to the Ecumenical Temple.
  5896 | D:6      | Reached skill level 1 in Dodging
  6031 | D:6      | Found a blossoming altar of Fedhas.
  6185 | D:6      | Noticed Pikel
  6205 | D:6      | Killed Pikel
  6206 | D:6      | Reached skill level 8 in Long Blades
  6206 | D:6      | Reached XP level 10. HP: 42/49 MP: 13/17
  6511 | D:6      | Reached *** piety under Qazlal
  6693 | D:7      | Reached skill level 9 in Long Blades
  7341 | D:8      | Found a staircase to the Lair.
  7410 | D:5      | Bought a +4 scale mail of fire resistance for 372 gold
                  | pieces
  7531 | D:8      | Noticed a death yak
  7546 | D:8      | Killed a death yak
  7547 | D:8      | Reached skill level 10 in Long Blades
  7559 | D:8      | Reached skill level 11 in Long Blades
  7644 | D:8      | Identified the +7 chain mail of the Fiend {rF- Slay+2 SInv}
  7899 | D:8      | Reached XP level 11. HP: 50/53 MP: 15/18
  7901 | D:8      | Reached skill level 12 in Long Blades
  7902 | D:8      | Reached **** piety under Qazlal
  7917 | D:9      | Found Maipp's General Store.
  7960 | D:9      | Noticed a two-headed ogre
  8243 | D:9      | Killed a two-headed ogre
  8244 | D:9      | Reached skill level 13 in Long Blades
  8779 | D:9      | Found a transporter.
  8884 | D:9      | Found a transporter.
  8907 | D:10     | Entered Level 10 of the Dungeon
  9195 | D:10     | Found a staircase to the Orcish Mines.
  9320 | D:10     | Found a shimmering blue altar of Sif Muna.
  9320 | D:10     | Noticed Erica
  9976 | D:12     | Noticed a boulder beetle
  9980 | D:12     | Found a runed translucent gate.
  9980 | D:12     | Found a runed translucent gate.
  9980 | D:12     | Found a runed translucent gate.
  9984 | D:12     | Killed a boulder beetle
  9985 | D:12     | Noticed CertainDeath's ghost (journeyman MiMo)
  9985 | D:12     | Noticed a 13-headed hydra
  9986 | D:12     | Noticed a ten-headed hydra
 10018 | D:12     | Noticed a two-headed ogre
 10027 | D:12     | Killed a two-headed ogre
 10277 | D:12     | Noticed a cyclops
 10304 | D:12     | Killed a cyclops
 10342 | D:12     | Noticed a cyclops
 10355 | D:12     | Killed a cyclops
 10356 | D:12     | Reached XP level 12. HP: 58/58 MP: 19/19
 10980 | D:13     | Noticed a seven-headed hydra
 10991 | D:13     | Killed a seven-headed hydra
 11151 | Orc:1    | Entered Level 1 of the Orcish Mines
 11205 | Orc:2    | Entered Level 2 of the Orcish Mines
 11217 | Orc:2    | Noticed a soul eater
 11236 | Orc:2    | Slain by an orc knight

Illustrated notes

Levels and vault maps discovered:
D:1:      dpeg_arrival_round_b, layout_basic, minmay_misc_feat_alley,
          serial_bayou_lagoon_a, minmay_cupped
D:2:      layout_basic, minmay_misc_feat_secret_circle, uniq_crazy_yiuf_cottage
D:3:      layout_rooms, nicolae_uskayaw_murder_on_the_dancefloor,
          nicolae_overflow_crystal_walls, nzn_wu_jian_contemplation,
          lemuel_tele_altar, mainiacjoe_overflow_cross_hatched,
          gup_sewer_entry_bowl, ebering_ecumenical_altar_rust
D:4:      layout_cave_pools, mainiacjoe_overflow_alcove_1,
          minmay_misc_feat_five, kennysheep_path_1, uniq_edmund, uniq_grinder,
          uniq_menkaure
D:5:      wad_woods_stonehenge, layout_loops_corners, serial_shops,
          nicolae_shop_behind_doors, dreamdust_mushroom_princess,
          uniq_blork_the_orc, uniq_duvessa
D:6:      layout_basic, overflow_temple_1_default,
          minmay_temple_entry_offerings, uniq_eustachio, uniq_pikel
D:7:      layout_loops_ring
D:8:      layout_gridville, david_lair_generic, st_stairs_1
D:9:      gammafunk_beogh_shrine, layout_rooms, serial_shops, shop_statue,
          serial_co_window_serial, co_window_of_opportunity_a,
          co_window_of_opportunity_a, co_window_of_opportunity_a,
          co_window_of_opportunity_a, co_window_corner_a, co_window_corner_a,
          co_window_unsneaky_path_d, co_window_2corner, co_window_2corner,
          glass_columns_a, glass_columns_c, glass_columns_a, glass_columns_a,
          glass_columns_b
D:10:     layout_layer_cave, mainiacjoe_overflow_concentric_impassable,
          david_orc_3, minmay_misc_feat_more_columns, uniq_erica
D:11:     layout_irregular_city, serial_column_ruins, column_ruins_pillar_10,
          column_ruins_pillar_1, column_ruins_pillar_3, column_ruins_pillar_4,
          column_ruins_pillar_1, column_ruins_pillar_2, column_ruins_pillar_2,
          column_ruins_pillar_1, column_ruins_pillar_7, column_ruins_pillar_3
D:12:     layout_basic, gammafunk_ghost_hydra_chop
D:13:     evilmike_horseshoe, layout_basic, david_vaults_1,
          portal_ice_cave_entry_imps, gammafunk_ghost_arena
Orc:1:    layout_diamond_mine, minmay_orc_temple_a
Orc:2:    st_orc_mages, layout_diamond_mine, serial_shops, shop, basic_altar,
          david_defended_altar_orc

Skill      XL: |  1  2  3  4  5  6  7  8  9 10 11 12 |
---------------+-------------------------------------+-----
Fighting       | 1 2 3 4 |  4.0
Long Blades    | 2 5 6 8 11 13 | 13.2
Spellcasting   | 3 4 |  4.4
Invocations    | 5 7 9 |  9.3
Dodging        | 2 4 |  4.3
Armour         | 4 |  4.0
Stealth        | |  1.3
Evocations     | |  2.7

Action                   |  1- 3 |  4- 6 |  7- 9 | 10-12 || total
-------------------------+-------+-------+-------+-------++-------
Melee: Dagger            |    64 |       |       |       ||    64
       Bite              |    20 |    25 |    97 |    79 ||   221
       Long sword        |    24 |       |    51 |       ||    75
       Quarterstaff      |     2 |   111 |   171 |     2 ||   286
       Unarmed           |       |       |     7 |    15 ||    22
       Falchion          |       |       |    62 |    18 ||    80
       Punch             |       |       |     2 |       ||     2
       Great sword       |       |       |       |   189 ||   189
       Scimitar          |       |       |       |    25 ||    25
Invok: Upheaval          |       |       |       |     4 ||     4
       Elemental Force   |       |       |       |     1 ||     1
Evoke: Wand              |     5 |       |     4 |     6 ||    15
       Tin of tremorston |       |       |       |     2 ||     2
  Use: Scroll            |       |     4 |       |     8 ||    12
       Potion            |       |     3 |       |       ||     3
 Stab: Sleeping          |     2 |     4 |     1 |       ||     7
       Distracted        |       |       |       |     2 ||     2
Armor: Leather armour    |    10 |       |       |       ||    10
       Ring mail         |    18 |    50 |   101 |    10 ||   179
       Scale mail        |       |       |       |    77 ||    77
Dodge: Dodged            |    66 |    55 |   151 |   124 ||   396
       Repelled          |       |       |       |     1 ||     1
Block: Other             |       |       |    19 |    45 ||    64

Table legend: (Time is in decaauts)
 A = Elapsed time spent in this place.
 B = Non-inter-level travel time spent in this place.
 C = Inter-level travel time spent in this place.
 D = Time resting spent in this place.
 E = Time spent auto-exploring this place.
 F = Levels seen in this place.
 G = Mean time per level.
                   A        B        C        D        E       F      G
               +--------+--------+--------+--------+--------+-----+--------+
         Total |  11398 |  10745 |    653 |    414 |   8269 |  16 |  712.4 |
       Dungeon |  10893 |  10251 |    642 |    409 |   8021 |  13 |  837.9 |
  Orcish Mines |     85 |     75 |     10 |      0 |     34 |   2 |   42.5 |
         Sewer |    419 |    419 |      0 |      4 |    214 |   1 |  419.0 |
               +--------+--------+--------+--------+--------+-----+--------+

Top non-repeatable levels by time:
     D:1: 1434 daAuts
     D:5: 1285 daAuts
     D:6: 1187 daAuts
     D:2: 1123 daAuts
    D:12: 1119 daAuts
     D:9: 895 daAuts
     D:7: 800 daAuts
     D:3: 695 daAuts
    D:11: 636 daAuts
     D:4: 635 daAuts
     D:8: 588 daAuts
    D:10: 465 daAuts
   Sewer: 419 daAuts
   Orc:1: 53 daAuts
   Orc:2: 31 daAuts
